| TOP OF THE 1ST |
|
Rome Braves batting - Pitching for Cincinnati (NYP) Reds : LHP Jerry Nero
|
|
Pitching: LHP Jerry Nero
|
|
|
Batting: LHB J.P. Olson
|
0-0: Foul Ball, location: 2F 0-1: Called Strike 0-2: SINGLE (Line Drive, 9LS, EV 108.1 MPH)
|
|
Batting: RHB Alex Velasquez
|
0-0: DOUBLE (Flyball, 8LXD, EV 95.6 MPH) J.P. Olson to third Runner from 3rd tries for Home, SAFE, throw by CF to home
|
|
Batting: RHB Badr al Din Ridha
|
0-0: Called Strike 0-1: Foul Ball, location: 2F 0-2: Foul Ball, location: 2F 0-2: Strikes out swinging
|
|
Batting: LHB Mike Tenorio
|
0-0: Called Strike 0-1: Called Strike 0-2: Ball 1-2: Ball 2-2: Ball 3-2: Strikes out looking
|
|
Batting: RHB Brandon Burrell
|
0-0: Called Strike 0-1: Ball Wild Pitch! Alex Velasquez to third 1-1: Foul Ball, location: 2F 1-2: Ball Wild Pitch! Alex Velasquez scores 2-2: Foul Ball, location: 2F 2-2: Fly out, F8 (Flyball, 8RD, EV 81.9 MPH)
|
| Top of the 1st over - 2 runs, 2 hits, 0 errors, 0 left on base; Rome 2 - Cincinnati (NYP) 0 |
| BOTTOM OF THE 1ST |
|
Cincinnati (NYP) Reds batting - Pitching for Rome Braves : LHP Joey Dover
|
|
Pitching: LHP Joey Dover
|
|
|
Batting: SHB Bryan Johnston
|
0-0: Fly out, F9 (Flyball, 89S, EV 83.8 MPH)
|
|
Batting: RHB Klaas Meij
|
0-0: Called Strike 0-1: Ball 1-1: Ball 2-1: Ground out 4-3 (Groundball, 4, EV 87.5 MPH)
|
|
Batting: RHB Ricky Carbajal
|
0-0: Ball 1-0: Ball 2-0: Ball 3-0: Called Strike 3-1: Called Strike 3-2: Base on Balls
|
|
Batting: RHB Jamie Ingram
|
0-0: Ball Ricky Carbajal steals 2nd base 1-0: Ball 2-0: Ball 3-0: Called Strike 3-1: Fly out, F7 (Line Drive, 7, EV 96.3 MPH)
|
| Bottom of the 1st over - 0 runs, 0 hits, 0 errors, 1 left on base; Rome 2 - Cincinnati (NYP) 0 |
| TOP OF THE 2ND |
|
Rome Braves batting - Pitching for Cincinnati (NYP) Reds : LHP Jerry Nero
|
|
Batting: RHB Tim Molchan
|
0-0: Foul Ball, location: 2F 0-1: Ball 1-1: Ball 2-1: Foul Ball, location: 2F 2-2: Ground out U3 (Groundball, 34S, EV 83.1 MPH)
|
|
Batting: LHB Joe Phillips
|
0-0: Called Strike 0-1: Foul Ball, location: 2F 0-2: Ball 1-2: Ball 2-2: Strikes out swinging
|
|
Batting: SHB Juan Aguilar
|
0-0: Called Strike 0-1: Called Strike 0-2: Ball 1-2: Ball 2-2: Foul Ball, location: 2F 2-2: Foul Ball, location: 2F 2-2: SINGLE (Line Drive, 56, EV 105.6 MPH)
|
|
Batting: LHB Malik Boulay
|
0-0: Foul Ball, location: 2F 0-1: Called Strike 0-2: Foul Ball, location: 2F 0-2: Ball 1-2: Foul Ball, location: 2F Balk! Juan Aguilar to second 1-2: Ball 2-2: Ball 3-2: Fly out, F9 (Line Drive, 9, EV 105.0 MPH)
|
| Top of the 2nd over - 0 runs, 1 hit, 0 errors, 1 left on base; Rome 2 - Cincinnati (NYP) 0 |
| BOTTOM OF THE 2ND |
|
Cincinnati (NYP) Reds batting - Pitching for Rome Braves : LHP Joey Dover
|
|
Batting: RHB Felipe Pineda
|
0-0: Ball 1-0: Ball 2-0: Called Strike 2-1: Called Strike 2-2: Strikes out swinging
|
|
Batting: RHB Kagetoki Kawai
|
0-0: Swinging Strike 0-1: Ball 1-1: Fly out, F9 (Flyball, 9LM, EV 90.0 MPH)
|
|
Batting: RHB Bill Hainey
|
0-0: Ground out 6-3 (Groundball, 6, EV 90.0 MPH)
|
| Bottom of the 2nd over - 0 runs, 0 hits, 0 errors, 0 left on base; Rome 2 - Cincinnati (NYP) 0 |
| TOP OF THE 3RD |
|
Rome Braves batting - Pitching for Cincinnati (NYP) Reds : LHP Jerry Nero
|
|
Batting: LHB J.P. Olson
|
0-0: Ball 1-0: Foul Ball, location: 2F 1-1: Ball 2-1: Ground out U3 (Groundball, 3S, EV 76.3 MPH)
|
|
Batting: RHB Alex Velasquez
|
0-0: Swinging Strike 0-1: Foul Ball, location: 2F 0-2: Ball 1-2: Strikes out swinging
|
|
Batting: RHB Badr al Din Ridha
|
0-0: Ball 1-0: Called Strike 1-1: Ground out 5-3 (Groundball, 5, EV 80.0 MPH)
|
| Top of the 3rd over - 0 runs, 0 hits, 0 errors, 0 left on base; Rome 2 - Cincinnati (NYP) 0 |
| BOTTOM OF THE 3RD |
|
Cincinnati (NYP) Reds batting - Pitching for Rome Braves : LHP Joey Dover
|
|
Batting: LHB Fernando Gomez
|
0-0: Called Strike 0-1: Ball 1-1: Ball 2-1: Foul Ball, location: 2F 2-2: Fly out, F6 (Popup, 15S, EV 76.3 MPH)
|
|
Batting: RHB Marcus Carter
|
0-0: Ball 1-0: Ground out 4-3 (Groundball, 4, EV 106.9 MPH)
|
|
Batting: SHB Bryan Johnston
|
0-0: Ball 1-0: Ball 2-0: Ball 3-0: Called Strike 3-1: Foul Ball, location: 2F 3-2: Foul Ball, location: 2F 3-2: Foul Ball, location: 2F 3-2: Fly out, F7 (Flyball, 7LM, EV 94.4 MPH)
|
| Bottom of the 3rd over - 0 runs, 0 hits, 0 errors, 0 left on base; Rome 2 - Cincinnati (NYP) 0 |
| TOP OF THE 4TH |
|
Rome Braves batting - Pitching for Cincinnati (NYP) Reds : LHP Jerry Nero
|
|
Batting: LHB Mike Tenorio
|
0-0: Called Strike 0-1: Foul Ball, location: 2F 0-2: Ground out 6-3 (Groundball, 6, EV 80.6 MPH)
|
|
Batting: RHB Brandon Burrell
|
0-0: Called Strike 0-1: Swinging Strike 0-2: Ball 1-2: SINGLE (Groundball, 56D, EV 96.3 MPH)
|
|
Batting: RHB Tim Molchan
|
0-0: Ball Wild Pitch! Brandon Burrell to second 1-0: Swinging Strike 1-1: Called Strike 1-2: Ball 2-2: Foul Ball, location: 2F 2-2: Ball 3-2: Base on Balls
|
|
Batting: LHB Joe Phillips
|
0-0: Called Strike 0-1: Ball 1-1: Foul Ball, location: 2F 1-2: Fly out, F8 (Flyball, 8RS, EV 81.3 MPH)
|
|
Batting: SHB Juan Aguilar
|
0-0: Fielders Choice at 2nd, 6-4 (Groundball, 6, EV 89.4 MPH)
|
| Top of the 4th over - 0 runs, 1 hit, 0 errors, 2 left on base; Rome 2 - Cincinnati (NYP) 0 |
| BOTTOM OF THE 4TH |
|
Cincinnati (NYP) Reds batting - Pitching for Rome Braves : LHP Joey Dover
|
|
Batting: RHB Klaas Meij
|
0-0: Swinging Strike 0-1: Foul Ball, location: 2F 0-2: Ball 1-2: SINGLE (Groundball, 5, EV 102.5 MPH)
|
|
Batting: RHB Ricky Carbajal
|
0-0: Ball Klaas Meij steals 2nd base 1-0: Fly out, F4 (Flyball, 4D, EV 82.5 MPH)
|
|
Batting: RHB Jamie Ingram
|
0-0: Called Strike 0-1: Foul Ball, location: 2F 0-2: Ball 1-2: Strikes out swinging
|
|
Batting: RHB Felipe Pineda
|
0-0: Ball 1-0: Ball 2-0: Ball 3-0: Base on Balls
|
|
Batting: RHB Kagetoki Kawai
|
0-0: Called Strike 0-1: Ball 1-1: Ball 2-1: Swinging Strike 2-2: Strikes out swinging
|
| Bottom of the 4th over - 0 runs, 1 hit, 0 errors, 2 left on base; Rome 2 - Cincinnati (NYP) 0 |
| TOP OF THE 5TH |
|
Rome Braves batting - Pitching for Cincinnati (NYP) Reds : LHP Jerry Nero
|
|
Batting: LHB Malik Boulay
|
0-0: Called Strike 0-1: Ball 1-1: Swinging Strike 1-2: Strikes out swinging
|
|
Batting: LHB J.P. Olson
|
0-0: Ball 1-0: Ball 2-0: Fly out, F9 (Flyball, 9, EV 85.0 MPH)
|
|
Batting: RHB Alex Velasquez
|
0-0: Called Strike 0-1: Swinging Strike 0-2: Ball 1-2: Ball 2-2: Ball 3-2: Foul Ball, location: 2F 3-2: Ground out 4-3 (Groundball, 4, EV 86.3 MPH)
|
| Top of the 5th over - 0 runs, 0 hits, 0 errors, 0 left on base; Rome 2 - Cincinnati (NYP) 0 |
| BOTTOM OF THE 5TH |
|
Cincinnati (NYP) Reds batting - Pitching for Rome Braves : LHP Joey Dover
|
|
Batting: RHB Bill Hainey
|
0-0: Ball 1-0: Foul Ball, location: 2F 1-1: Called Strike 1-2: Foul Ball, location: 2F 1-2: Ball 2-2: Foul Ball, location: 2F 2-2: Strikes out swinging
|
|
Batting: LHB Fernando Gomez
|
0-0: Ball 1-0: Fly out, F8 (Flyball, 8LM, EV 85.0 MPH)
|
|
Batting: RHB Marcus Carter
|
0-0: Ball 1-0: Called Strike 1-1: SINGLE (Groundball, 6MS, EV 69.4 MPH) (infield hit)
|
|
Batting: SHB Bryan Johnston
|
0-0: Ball Marcus Carter steals 2nd base (no throw) 1-0: Ball 2-0: Swinging Strike 2-1: Foul Ball, location: 2F 2-2: Strikes out swinging
|
| Bottom of the 5th over - 0 runs, 1 hit, 0 errors, 1 left on base; Rome 2 - Cincinnati (NYP) 0 |
| TOP OF THE 6TH |
|
Rome Braves batting - Pitching for Cincinnati (NYP) Reds : LHP Jerry Nero
|
|
Batting: RHB Badr al Din Ridha
|
0-0: Ball 1-0: Ball 2-0: Ball 3-0: Called Strike 3-1: Fly out, F4 (Popup, 4M, EV 71.3 MPH)
|
|
Batting: LHB Mike Tenorio
|
0-0: DOUBLE (Line Drive, 3D, EV 98.8 MPH)
|
|
Batting: RHB Brandon Burrell
|
0-0: Ball 1-0: Swinging Strike 1-1: Foul Ball, location: 2F 1-2: Strikes out swinging
|
|
Batting: RHB Tim Molchan
|
0-0: Ball 1-0: Foul Ball, location: 2F 1-1: Ball Wild Pitch! Mike Tenorio to third 2-1: Ball 3-1: Base on Balls
|
|
Pitching: LHP Bryan Ross
|
|
|
Batting: LHB Joe Phillips
|
0-0: Ground out 6-3 (Groundball, 6S, EV 70.6 MPH)
|
| Top of the 6th over - 0 runs, 1 hit, 0 errors, 2 left on base; Rome 2 - Cincinnati (NYP) 0 |
| BOTTOM OF THE 6TH |
|
Cincinnati (NYP) Reds batting - Pitching for Rome Braves : LHP Joey Dover
|
|
Batting: RHB Klaas Meij
|
0-0: Ground out U3 (Groundball, 23, EV 80.0 MPH)
|
|
Batting: RHB Ricky Carbajal
|
0-0: Ground out 4-3 (Groundball, 4, EV 104.4 MPH)
|
|
Batting: RHB Jamie Ingram
|
0-0: Called Strike 0-1: Fly out, F9 (Line Drive, 9, EV 103.8 MPH)
|
| Bottom of the 6th over - 0 runs, 0 hits, 0 errors, 0 left on base; Rome 2 - Cincinnati (NYP) 0 |
| TOP OF THE 7TH |
|
Rome Braves batting - Pitching for Cincinnati (NYP) Reds : LHP Bryan Ross
|
|
Batting: SHB Juan Aguilar
|
0-0: Called Strike 0-1: Ball 1-1: Ball 2-1: Ground out 5-3 (Groundball, 56S, EV 66.9 MPH)
|
|
Batting: LHB Malik Boulay
|
0-0: Called Strike 0-1: Foul Ball, location: 2F 0-2: Foul Ball, location: 2F 0-2: Ball 1-2: Strikes out looking
|
|
Batting: LHB J.P. Olson
|
0-0: Foul Ball, location: 2F 0-1: Ball 1-1: Swinging Strike 1-2: Ground out 4-3 (Groundball, 4D, EV 106.3 MPH)
|
| Top of the 7th over - 0 runs, 0 hits, 0 errors, 0 left on base; Rome 2 - Cincinnati (NYP) 0 |
| BOTTOM OF THE 7TH |
|
Cincinnati (NYP) Reds batting - Pitching for Rome Braves : LHP Joey Dover
|
|
Batting: RHB Felipe Pineda
|
0-0: Ball 1-0: Ball 2-0: Ball 3-0: Base on Balls
|
|
Batting: RHB Kagetoki Kawai
|
0-0: Called Strike 0-1: Called Strike 0-2: Ball 1-2: Fly out, F8 (Line Drive, 8RD, EV 104.4 MPH)
|
|
Batting: RHB Bill Hainey
|
0-0: Called Strike 0-1: Ball Felipe Pineda steals 2nd base 1-1: Foul Ball, location: 2F 1-2: Ball 2-2: Foul Ball, location: 2F 2-2: Foul Ball, location: 2F 2-2: Ground out 4-3 (Groundball, 4, EV 109.4 MPH) Felipe Pineda to third
|
|
Batting: LHB Fernando Gomez
|
0-0: Called Strike 0-1: Foul Ball, location: 2F 0-2: Ball 1-2: Ball 2-2: Foul Ball, location: 2F 2-2: Ball 3-2: Ground out 6-3 (Groundball, 6M, EV 91.9 MPH)
|
| Bottom of the 7th over - 0 runs, 0 hits, 0 errors, 1 left on base; Rome 2 - Cincinnati (NYP) 0 |
| TOP OF THE 8TH |
|
Rome Braves batting - Pitching for Cincinnati (NYP) Reds : LHP Bryan Ross
|
|
Batting: RHB Alex Velasquez
|
0-0: Swinging Strike 0-1: Swinging Strike 0-2: Foul Ball, location: 2F 0-2: Foul Ball, location: 2F 0-2: Strikes out swinging
|
|
Batting: RHB Badr al Din Ridha
|
0-0: Ball 1-0: Ground out 6-3 (Groundball, 56, EV 80.6 MPH)
|
|
Batting: LHB Mike Tenorio
|
0-0: Ground out 5-3 (Groundball, 56S, EV 91.3 MPH)
|
| Top of the 8th over - 0 runs, 0 hits, 0 errors, 0 left on base; Rome 2 - Cincinnati (NYP) 0 |
| BOTTOM OF THE 8TH |
|
Cincinnati (NYP) Reds batting - Pitching for Rome Braves : LHP Joey Dover
|
|
Pitching: RHP Omar Orosco
|
|
|
Batting: RHB Marcus Carter
|
0-0: Ball 1-0: Ball 2-0: Ball 3-0: Called Strike 3-1: Ground out 6-3 (Groundball, 6, EV 103.8 MPH)
|
|
Batting: SHB Bryan Johnston
|
0-0: SINGLE (Line Drive, 78M, EV 105.6 MPH)
|
|
Batting: RHB Klaas Meij
|
0-0: Swinging Strike 0-1: Foul Ball, location: 2F 0-2: Foul Ball, location: 2F 0-2: Foul Ball, location: 2F 0-2: Ball 1-2: Fielders Choice at 2nd, 4-6 (Groundball, 4S, EV 85.6 MPH)
|
|
Batting: RHB Ricky Carbajal
|
0-0: Ground out 4-3 (Groundball, 4, EV 85.6 MPH)
|
| Bottom of the 8th over - 0 runs, 1 hit, 0 errors, 1 left on base; Rome 2 - Cincinnati (NYP) 0 |
| TOP OF THE 9TH |
|
Rome Braves batting - Pitching for Cincinnati (NYP) Reds : LHP Bryan Ross
|
|
Pitching: RHP Matt Knowles
|
|
|
Pinch Hitting: LHB Curt Nelson
|
0-0: Ball 1-0: Fly out, F7 (Flyball, 78XD, EV 103.8 MPH)
|
|
Batting: RHB Tim Molchan
|
0-0: Foul Ball, location: 2F 0-1: Ball 1-1: DOUBLE (Flyball, 8LD, EV 106.3 MPH)
|
|
Batting: LHB Joe Phillips
|
0-0: Intentional Walk
|
|
Batting: SHB Juan Aguilar
|
0-0: Called Strike 0-1: Ball 1-1: Swinging Strike 1-2: Strikes out swinging
|
|
Pinch Hitting: RHB Ike Trout
|
0-0: Called Strike 0-1: Swinging Strike 0-2: Ball 1-2: Fielders Choice at 2nd, 6-4 (Groundball, 6, EV 83.1 MPH)
|
| Top of the 9th over - 0 runs, 1 hit, 0 errors, 2 left on base; Rome 2 - Cincinnati (NYP) 0 |
| BOTTOM OF THE 9TH |
|
Cincinnati (NYP) Reds batting - Pitching for Rome Braves : RHP Omar Orosco
|
|
Pitching: RHP Aaron Shapiro
|
|
|
Now at 1B: Ike Trout
|
|
|
Now in RF: Javier Rubio
|
|
|
Batting: RHB Jamie Ingram
|
0-0: Ball 1-0: Ball 2-0: Reached via error on a dropped throw from 1B, E1 (Groundball, 34, EV 82.5 MPH)
|
|
Pinch Hitting: LHB Marty Hafner
|
0-0: Foul Ball, location: 2F 0-1: Ball 1-1: Ball 2-1: Ball 3-1: Swinging Strike Passed Ball! Jamie Ingram to second 3-2: Strikes out swinging
|
|
Pinch Hitting: LHB Shigeru Ono
|
0-0: Called Strike 0-1: Called Strike 0-2: Strikes out swinging
|
|
Pinch Hitting: SHB Jason Kirby
|
0-0: Ball 1-0: Called Strike 1-1: Called Strike 1-2: Ball 2-2: Ball 3-2: Strikes out swinging
|
| Bottom of the 9th over - 0 runs, 0 hits, 1 error, 1 left on base; Rome 2 - Cincinnati (NYP) 0 |
|